 Dungeon Crawl Stone Soup version 0.32-a0-42-ga30500b4d3 (webtiles) character file.

Game seed: 11459950502868276415

105 grandjackal the Slasher (level 4, -1/35 HPs)
             Began as a Demonspawn Gladiator on Jan 29, 2024.
             Slain by Grinder (2 damage)
             ... on level 3 of the Dungeon.
             The game lasted 00:03:02 (1689 turns).

grandjackal the Slasher (Demonspawn Gladiator)      Turns: 1689, Time: 00:03:04

Health: -1/35      AC:  7    Str: 14    XL:     4   Next: 53%
Magic:  4/4        EV: 11    Int:  8    God:
Gold:   51         SH:  0    Dex: 17    Spells: 3/3 levels left

rFire   . . .        r - +0 great sword
rCold   + . .        (shield currently unavailable)
rNeg    . . .        m - +0 ring mail
rPois   .            c - +0 helmet
rElec   .            i - scarf {+Inv}
rCorr   .            (no gloves)
SInv    .            (no boots)
Will    .....        (no amulet)
Stlth   +            k - ring of protection from cold
HPRegen 0.25/turn    b - +4 ring of slaying
MPRegen 0.09/turn

%: no passive effects
@: no status effects
A: hooves 2, sharp scales 1
a: Evoke Invisibility


You were on level 3 of the Dungeon.
You visited 1 branch of the dungeon, and saw 3 of its levels.

You collected 51 gold pieces.

Inventory:

Hand Weapons
 a - a +0 long sword
 q - a +0 dagger of venom
 r - a +0 great sword (weapon)
Missiles
 d - 3 throwing nets (quivered)
 e - 5 javelins
Armour
 c - a +0 helmet (worn)
 i - a scarf of invisibility (worn)
 m - a +0 ring mail (worn)
Jewellery
 b - a +4 ring of slaying (right hand)
 k - a ring of protection from cold (left hand)
Scrolls
 f - a scroll of noise {unknown}
 g - a scroll of poison {unknown}
 h - a scroll of immolation {unknown}
 l - 3 scrolls of identify {unknown}
 o - a scroll of brand weapon {unknown}
 p - 2 scrolls of fear {unknown}
 s - a scroll of revelation {unknown}
 t - a scroll of amnesia {unknown}
 u - a scroll of summoning {unknown}
Potions
 j - a potion of haste {unknown}
 n - a potion of enlightenment {unknown}
 v - a potion of curing {unknown}


   Skills:
 + Level 3.1 Fighting
 + Level 3.4 Long Blades
 - Level 2.0 Throwing
 - Level 3.0 Dodging
 + Level 1.8 Evocations


You had 3 spell levels left.
You didn't know any spells.
Your spell library was empty.

Dungeon Overview and Level Annotations

Branches:
Dungeon (3/15)

Altars:
Wu Jian

Shops:
D:1 *

Annotations:
D:3 Grinder


Innate Abilities, Weirdness & Mutations

You have hoof-like feet.
You are partially covered in razor-sharp scales. (AC +1, Slay +1)


Message History

You now have 51 gold pieces (gained 6).
A giant cockroach comes into view.
There is a stone staircase leading down here.
The giant cockroach misses you.
You slash the giant cockroach!
You kill the giant cockroach!
No target in view!
No target in view!
You see here a giant cockroach corpse.
v - a dark potion
Found a helmet.
You see here a +0 helmet.
Grinder is nearby!
You aren't carrying any items that you can evoke.
Grinder shouts!
You start waiting.
Grinder is nearby!
You barely miss Grinder. Grinder closely misses you.
You closely miss Grinder.
Grinder blinks!
Grinder says, "What is the universe for?"
You closely miss Grinder. Your kick misses Grinder. Grinder hits you!
You writhe in agony.
Grinder hits you but does no damage.
You barely miss Grinder. Your kick misses Grinder.
Grinder hits you but does no damage.
You slash Grinder!
Grinder is heavily wounded.
Grinder closely misses you. Grinder hits you.
You writhe in agony.
You slash Grinder! You kick Grinder.
Grinder is severely wounded.
Grinder hits you!
* * * LOW HITPOINT WARNING * * *
You writhe in agony.
* * * LOW HITPOINT WARNING * * *
You barely miss Grinder.
Grinder is severely wounded.
Grinder hits you.
* * * LOW HITPOINT WARNING * * *
You writhe in agony.
You die...
Grinder says, "Hey, I wasn't done torturing you yet!"

#...# ### # #. .# ###.# #.# #
#.#.# .###.###.# #..
#.#.###.##......# ..#
######.......###.....### #.#
#..).........# #.......# ..#
#............# #..####.# .~#
#......5.....# #....##.# ~.#
#......@.....# ##.#.##.# ~.#
########.##### #.#.##.# ~.# #.#
#...##.# .)#
##########.#############.#
~~######...................[....#
.......#..........###############
.......#..........#
.......#.....5....#
.......#..........#


You could see Grinder.

Vanquished Creatures
  Robin (D:2)
  2 adders (D:2)
  A dart slug (D:1)
  7 ball pythons
  5 endoplasms
  A giant cockroach (D:3)
  16 goblins
  7 hobgoblins
  3 jackals (D:1)
  2 quokkas
  7 bats
  3 frilled lizards (D:2)
  6 kobolds
  6 rats
67 creatures vanquished.

Notes
Turn   | Place    | Note
-------+----------+-------------------------------------------
     0 | D:1      | grandjackal the Demonspawn Gladiator began the quest for
                  | the Orb.
     0 | D:1      | Reached XP level 1. HP: 16/16 MP: 1/1
    39 | D:1      | Found Weevoax's Assorted Antiques.
   227 | D:1      | Gained mutation: You have large cloven feet. [demonic
                  | ancestry]
   227 | D:1      | Reached XP level 2. HP: 22/22 MP: 2/2
   474 | D:1      | Gained mutation: You have hoof-like feet. [demonic
                  | ancestry]
   474 | D:1      | Reached XP level 3. HP: 28/28 MP: 3/3
   888 | D:2      | Reached skill level 1 in Evocations
  1023 | D:2      | Noticed Robin
  1033 | D:2      | Gained mutation: You are partially covered in razor-sharp
                  | scales. (AC +1, Slay +1) [demonic ancestry]
  1033 | D:2      | Reached XP level 4. HP: 23/34 MP: 4/4
  1042 | D:2      | Killed Robin
  1307 | D:2      | Found a faded altar of an unknown god.
  1308 | D:2      | You fall into a shaft and drop 1 floor!
  1365 | D:3      | Noticed Grinder
  1437 | D:2      | Found an ornate altar of the Wu Jian Council.
  1689 | D:3      | HP: 1/35 [Grinder (3)]
  1689 | D:3      | Slain by Grinder

Illustrated notes

Levels and vault maps discovered:
D:1:      dpeg_arrival_yet_another_circle, layout_basic, serial_shops,
          nicolae_shop_crystal
D:2:      layout_basic, dreamdust_ecumenical_altar_hidden_monk_grotto,
          basic_altar, uniq_robin
D:3:      layout_basic, chequers_serial_rivers_small_3,
          wander_ebering_terrifying_dragon_lair, uniq_grinder

Skill      XL: |  1  2  3  4 |
---------------+-------------+-----
Throwing       | 2 |  2.0
Dodging        | 3 |  3.0
Long Blades    | 3 |  3.4
Evocations     | 1 |  1.8
Fighting       | 3 |  3.1

Action                     |  1- 3 |  4- 6 || total
---------------------------+-------+-------++-------
  Melee: Long sword        |    83 |    15 ||    98
         Kick              |    13 |     5 ||    18
         Great sword       |       |    15 ||    15
   Stab: Sleeping          |     1 |       ||     1
 Armour: Leather armour    |    10 |       ||    10
         Ring mail         |    37 |    20 ||    57
  Dodge: Dodged            |    61 |    14 ||    75

Table legend: (Time is in decaauts)
 A = Elapsed time spent in this place.
 B = Non-inter-level travel time spent in this place.
 C = Inter-level travel time spent in this place.
 D = Time resting spent in this place.
 E = Time spent auto-exploring this place.
 F = Levels seen in this place.
 G = Mean time per level.
                   A        B        C        D        E       F      G
               +--------+--------+--------+--------+--------+-----+--------+
         Total |   1719 |   1654 |     65 |    173 |   1112 |   3 |  573.0 |
       Dungeon |   1719 |   1654 |     65 |    173 |   1112 |   3 |  573.0 |
               +--------+--------+--------+--------+--------+-----+--------+

Top non-repeatable levels by time:
     D:1: 872 daAuts
     D:2: 645 daAuts
     D:3: 201 daAuts
